AoeStats
← zack

Arena

512369945Analyzed
2v2 RM · 1mo ago on Oct 9, 2026· 44m 17s· 4 players
Game mode
Random Map
Map size
Medium (4 player)
Population
200
Speed
Normal
Resources
Standard
Victory
Conquest
Starting age
Dark Age
Ending age
Imperial Age
RankedLock teamsTeams togetherTeam positionsShared explorationLock speedFull tech treeHidden civsTurbo modeCheats
Victory
Defeat
🇨🇳 Gurjaras · China
1130
+16
🇨🇳 Khmer · China
1112
+17
vs
🇷🇺 Poles · Russia
1164
-19
🇮🇳 Bohemians · India
1084
-14
fe^voR
5:32 Loom
10:13 Feudal Age
10:52 Double-Bit Axe
10:53 Horse Collar
17:00 Castle Age
17:51 Bow Saw
17:44 Heavy Plow
18:22 Town Watch
20:50 Fletching
21:28 Sanctity
24:29 Bodkin Arrow
35:07 Imperial Age
32:13 Pikeman
35:47 Chemistry
36:17 Conscription
36:27 Wagenburg Tactics
36:55 Siege Engineers
38:28 Padded Archer Armor
38:31 Bracer
38:57 Fortified Wall
39:39 Wheelbarrow
40:47 Block Printing
Lastik
10:47 Feudal Age
15:04 Castle Age
13:13 Double-Bit Axe
13:23 Horse Collar
16:00 Heavy Plow
16:12 Bow Saw
21:55 Gold Mining
22:44 Wheelbarrow
27:42 Imperial Age
25:50 Hand Cart
25:24 Loom
26:32 Scale Mail Armor
26:43 Forging
26:39 Scale Barding Armor
27:33 Squires
27:19 Arson
28:04 Chain Mail Armor
28:26 Husbandry
28:36 Bloodlines
28:34 Szlachta Privileges
28:02 Cavalier
29:21 Iron Casting
29:24 Conscription
30:05 Crop Rotation
31:02 Plate Mail Armor
30:53 Chain Barding Armor
32:24 Blast Furnace
31:54 Plate Mail Armor
32:52 Lechitic Legacy
31:55 Light Cavalry
33:17 Stone Mining
34:48 Chemistry
34:09 Ballistics
33:29 Treadmill Crane
34:00 Masonry
33:34 Winged Hussar
34:30 Capped Ram
35:21 Siege Engineers
35:39 Masonry
36:17 Elite Obuch
37:32 Fletching
37:44 Onager
39:46 Stone Shaft Mining
40:44 Hoardings
40:30 Bodkin Arrow
41:48 Bracer
zack
11:09 Feudal Age
15:25 Castle Age
13:34 Double-Bit Axe
13:31 Horse Collar
15:37 Gold Mining
17:04 Loom
18:11 Heavy Plow
18:22 Bow Saw
19:58 Forging
21:38 Stone Mining
24:16 Scale Mail Armor
30:22 Wheelbarrow
34:01 Imperial Age
31:23 Town Watch
31:59 Hand Cart
33:16 Gold Shaft Mining
33:19 Stone Shaft Mining
34:34 Treadmill Crane
35:16 Conscription
35:41 Iron Casting
34:39 Heavy Camel Rider
36:01 Scale Barding Armor
36:15 Fortified Wall
36:59 Crop Rotation
37:30 Chain Barding Armor
37:27 Bloodlines
37:52 Padded Archer Armor
38:08 Husbandry
40:20 Plate Barding Armor
41:27 Elite Shrivamsha Rider
43:22 Ballistics
Longlonglong
11:48 Feudal Age
15:23 Castle Age
15:06 Double-Bit Axe
15:03 Horse Collar
27:35 Bow Saw
31:18 Imperial Age
29:21 Scale Barding Armor
29:27 Forging
29:23 Stone Mining
31:14 Wheelbarrow
30:46 Heavy Plow
31:56 Chain Barding Armor
32:11 Iron Casting
31:45 Elite Ballista Elephant
32:25 Double Crossbow
32:46 Conscription
32:52 Hand Cart
33:09 Crop Rotation
33:43 Chemistry
33:03 Husbandry
32:24 Light Cavalry
34:14 Bloodlines
34:02 Elite Battle Elephant
36:00 Plate Barding Armor
40:24 Siege Engineers
39:48 Hussar
Connection lost

Rejoining the realm…

Still unreachable

The connection could not be restored.

Session expired

The server has moved on; the page needs a fresh start.